 Dungeon Crawl Stone Soup version 0.31.0-11-ge490571c62 (webtiles) character file.

Game seed: 11206209259499851666

931 qw the Skirmisher (level 7, -9/35 HPs)
             Began as a Spriggan Hunter on Feb 4, 2024.
             Mangled by a wight
             ... wielding a +0 halberd
              (14 damage)
             ... on level 6 of the Dungeon.
             The game lasted 00:00:15 (3453 turns).

qw the Skirmisher (Spriggan Hunter)                 Turns: 3453, Time: 00:00:16

Health: -9/35      AC:  2    Str:  7    XL:     7   Next: 86%
Magic:  8/8        EV: 23    Int: 10    God:
Gold:   215        SH:  0    Dex: 21    Spells: 6/6 levels left

rFire   + + .        a - +1 shortbow
rCold   + . .        (shield currently unavailable)
rNeg    . . .        c - +0 robe
rPois   .            (helmet restricted)
rElec   .            m - scarf {rC+ rF+}
rCorr   .            (gloves unavailable)
SInv    +            (boots unavailable)
Will    ++...        (no amulet)
Stlth   ++           g - ring of willpower
HPRegen 0.25/turn    d - ring of protection from fire
MPRegen 0.11/turn

%: no passive effects
@: very quick
A: very small, no large weapons, unfitting armour, see invisible, speed 3
a: no special abilities


You were on level 6 of the Dungeon.
You visited 1 branch of the dungeon, and saw 6 of its levels.

You collected 215 gold pieces.


Innate Abilities, Weirdness & Mutations

You are very small and have problems with some larger weapons.
You are too small for most types of armour.
You have supernaturally acute eyesight. (SInv)
You cover ground extremely quickly. (Speed+++)


   Skills:
 - Level 2.0 Fighting
 - Level 8.0 Ranged Weapons
 + Level 7.8 Dodging
 - Level 1.5 Stealth


You had 6 spell levels left.
You didn't know any spells.
Your spell library was empty.

Inventory:

Hand Weapons
 a - a +1 shortbow (weapon)
Armour
 c - a +0 robe (worn)
 m - a scarf of resistance (worn)
Jewellery
 d - a ring of protection from fire (right hand)
 g - a ring of willpower (left hand)
Potions
 b - a potion of mutation
 f - a potion of enlightenment
 h - 4 potions of curing
 j - a potion of invisibility {unknown}

Dungeon Overview and Level Annotations

Branches:
Dungeon (6/15)
 Temple: D:4-7

Altars:
Gozag
Nemelex Xobeh
Wu Jian
Xom

Annotations:
D:6 Grinder


Message History

You shoot an arrow.
The arrow barely misses the water moccasin.
A wight comes into view. It is wielding a +0 long sword.
A wight comes into view. It is wielding a +0 short sword.
The water moccasin closely misses you.
3443 ||| RETREEEEATING.
An iguana comes into view.
Found 11 gold pieces and a quarterstaff.
Found an escape hatch in the ceiling.
3444 ||| RETREEEEATING.
3445 ||| RETREEEEATING.
3446 ||| RETREEEEATING.
A wight comes into view. It is wielding a +2 flail.
3447 ||| RETREEEEATING.
You shoot an arrow.
The arrow hits the water moccasin but does no damage.
The water moccasin is moderately wounded.
You shoot an arrow.
The arrow closely misses the water moccasin.
The arrow barely misses the wight.
The water moccasin completely misses you.
The water moccasin closely misses you.
You shoot an arrow.
The arrow closely misses the water moccasin.
The arrow completely misses the wight.
The arrow hits the wight.
The wight is lightly damaged.
The water moccasin closely misses you.
You shoot an arrow. The arrow hits the water moccasin!
The water moccasin is severely wounded.
The water moccasin bites you! The wight completely misses you.
You shoot an arrow. The arrow hits the water moccasin.
The water moccasin is severely wounded.
The water moccasin misses you. The wight barely misses you.
The water moccasin misses you.
You shoot an arrow. The arrow misses the water moccasin.
The arrow hits the wight.
The wight is moderately damaged.
The water moccasin bites you.
The wight hits you from afar with a +0 halberd!
You die...

#l.. #..# .# #..# .#
#..##.# #...#.####
##.#....... #
#......#
#####.###z.....#
....<..@Sz.....#
#####.###z###...$...
.. .z.# .##.### ...
..#.. .# .# ...
##..... z. . ~. #
###.z## ~ ... ..##


You could see a water moccasin and 3 wights.

Vanquished Creatures
  2 black bears (D:4)
  2 phantoms (D:4)
  A scorpion (D:4)
  4 crimson imps (D:5)
  2 hounds
  An orc priest (D:4)
  An orc wizard (D:4)
  7 gnolls (D:4)
  11 adders
  A river rat (D:4)
  4 ufetubi
  2 adder zombies (D:2)
  2 ribbon worms (D:4)
  5 orcs
  4 ball pythons
  2 bat zombies (D:2)
  4 endoplasms
  7 giant cockroaches
  6 goblins
  A hobgoblin (D:4)
  3 jackals (D:1)
  6 kobolds
  3 quokkas
  5 bats
  4 frilled lizards (D:2)
  A quokka zombie (D:2)
  10 rats
101 creatures vanquished.

Notes
Turn   | Place    | Note
-------+----------+-------------------------------------------
     0 | D:1      | qw the Spriggan Hunter began the quest for the Orb.
     0 | D:1      | Reached XP level 1. HP: 10/10 MP: 2/2
     0 | D:1      | 0 ||| qw: Version: 0.3-a-160-g6735b56
     0 | D:1      | 0 ||| qw: Game counter: 4998
     0 | D:1      | 0 ||| qw: Melee chars always use a shield: true
     0 | D:1      | 0 ||| qw: God list: Okawaru
     0 | D:1      | 0 ||| qw: Allow faded altars: false
     0 | D:1      | 0 ||| qw: Do Orc after clearing Dungeon:15 true
     0 | D:1      | 0 ||| qw: Do second Lair branch before Depths: true
     0 | D:1      | 0 ||| qw: Lair rune preference: random
     0 | D:1      | 0 ||| qw: Goals: Normal
     0 | D:1      | 0 ||| PLANNING D:1-11
    55 | D:1      | Reached skill level 3 in Dodging
   131 | D:1      | 131 ||| DROPPING +4 sling.
   156 | D:1      | Reached XP level 2. HP: 14/14 MP: 3/3
   475 | D:1      | 475 ||| READING scroll labelled BERURI QOEXO.
   475 | D:1      | 475 ||| IDENTIFYING fuming sapphire potion
   476 | D:1      | 476 ||| DRINKING 2 murky pink potions.
   477 | D:1      | 477 ||| DROPPING scroll of butterflies.
   478 | D:1      | 478 ||| DROPPING potion of degeneration.
   501 | D:2      | Found a sparkling altar of Nemelex Xobeh.
   567 | D:2      | Reached XP level 3. HP: 18/18 MP: 4/4
   790 | D:2      | Found a faded altar of an unknown god.
   941 | D:2      | Reached skill level 5 in Ranged Weapons
  1188 | D:2      | Reached XP level 4. HP: 22/22 MP: 5/5
  1225 | D:2      | 1225 ||| READING 2 scrolls of identify.
  1225 | D:2      | 1225 ||| IDENTIFYING red potion
  1226 | D:2      | 1226 ||| READING scroll of identify.
  1226 | D:2      | 1226 ||| IDENTIFYING fizzy yellow potion
  1227 | D:2      | 1227 ||| READING scroll labelled WUMEVI IJYSI.
  1228 | D:2      | 1228 ||| READING scroll labelled WINEPP EPSOA.
  1228 | D:2      | 1228 ||| ENCHANTING +0 shortbow.
  1229 | D:2      | 1229 ||| DROPPING potion of brilliance.
  1532 | D:3      | Identified the +2 short sword "Goblinbane" {venom, rN+}
  1560 | D:3      | Found an ornate altar of the Wu Jian Council.
  1695 | D:3      | 1695 ||| UPGRADING to scarf of resistance.
  1714 | D:3      | 1714 ||| UPGRADING to ring of willpower.
  1715 | D:3      | 1715 ||| READING scroll of identify.
  1715 | D:3      | 1715 ||| IDENTIFYING fuming green potion
  1716 | D:3      | 1716 ||| READING scroll labelled TEHUDA MAYPP.
  1717 | D:3      | 1717 ||| READING scroll labelled ECVOUB ZOYRCHIT.
  1758 | D:3      | 1758 ||| READING scroll labelled RIUGESHESM.
  1758 | D:3      | 1758 ||| ENCHANTING +1 shortbow.
  1759 | D:3      | 1759 ||| READING scroll labelled ZUONLALORR.
  1764 | D:3      | 1764 ||| DRINKING 2 amethyst potions.
  1770 | D:4      | 1770 ||| PLANNING SEWER
  1843 | D:4      | Noticed a phantom
  1853 | D:4      | 1853 ||| DRINKING potion of haste.
  1859 | D:4      | HP: 3/23 [phantom (5)]
  1859 | D:4      | Found an opulent altar of Gozag.
  1861 | D:4      | HP: 1/23 [phantom (3)]
  1862 | D:4      | Killed a phantom
  1863 | D:4      | Reached XP level 5. HP: 1/26 MP: 6/6
  2019 | D:4      | Reached skill level 6 in Ranged Weapons
  2081 | D:4      | Noticed a black bear
  2088 | D:4      | Killed a black bear
  2089 | D:4      | Reached skill level 6 in Dodging
  2089 | D:4      | Reached XP level 6. HP: 30/30 MP: 7/7
  2404 | D:4      | Reached XP level 7. HP: 31/35 MP: 8/8
  2455 | D:4      | Reached skill level 7 in Ranged Weapons
  2579 | D:4      | 2579 ||| FLEEEEING.
  2580 | D:4      | 2580 ||| FLEEEEING.
  2581 | D:4      | 2581 ||| FLEEEEING.
  2582 | D:4      | 2582 ||| FLEEEEING.
  2608 | D:4      | 2608 ||| RIP SEWER
  2642 | D:4      | 2642 ||| PLANNING D:1-11
  2847 | D:4      | 2847 ||| FLEEEEING.
  2938 | D:4      | Identified the +0 leather armour of Pride {rC+}
  2963 | D:4      | 2963 ||| UPGRADING to ring of protection from fire.
  2964 | D:4      | 2964 ||| READING scroll labelled BEPHIW UXON.
  2999 | D:5      | Entered Level 5 of the Dungeon
  3104 | D:5      | Found a shimmering altar of Xom.
  3112 | D:5      | Reached skill level 8 in Ranged Weapons
  3370 | D:6      | Noticed Grinder
  3374 | D:6      | Paralysed by Grinder for 3 turns
  3378 | D:6      | HP: 6/35 [Grinder (8)]
  3378 | D:6      | HP: 1/35 [Grinder (5)]
  3379 | D:6      | 3379 ||| READING 2 scrolls of teleportation.
  3383 | D:6      | 3383 ||| READING scroll of teleportation.
  3443 | D:6      | 3443 ||| RETREEEEATING.
  3444 | D:6      | 3444 ||| RETREEEEATING.
  3445 | D:6      | 3445 ||| RETREEEEATING.
  3446 | D:6      | 3446 ||| RETREEEEATING.
  3447 | D:6      | 3447 ||| RETREEEEATING.
  3453 | D:6      | HP: 5/35 [water moccasin (5)]
  3453 | D:6      | Mangled by a wight

Levels and vault maps discovered:
D:1:      minmay_arrival_stair_chambers, layout_rooms, dk_noncrumbling_2
D:2:      minmay_evil_eye, layout_basic, serial_undead, serial_undead_f,
          serial_undead_e, serial_undead_c, serial_undead_a, basic_altar,
          shapermc_ecumenical_altar_gd
D:3:      layout_rooms, nicolae_wu_jian_glorious_leap
D:4:      black_bear_nest_1, layout_loops_ring, marbit_many_paths,
          lightli_sewer_entry_pipes
D:5:      layout_loops_ring, led_xom_imps, water_boxes_lemuel
D:6:      minmay_razor_zed, layout_loops_ring,
          mainiacjoe_overflow_small_starburst, minmay_misc_feat_nine_boxes,
          uniq_grinder

Skill      XL: |  1  2  3  4  5  6  7 |
---------------+----------------------+-----
Dodging        | 3 4 5 6 7 |  7.8
Ranged Weapons | 5 6 8 |  8.0
Fighting       | 2 |  2.0
Stealth        | |  1.5

Action                     |  1- 3 |  4- 6 |  7- 9 || total
---------------------------+-------+-------+-------++-------
   Fire: Shortbow          |   112 |   133 |   144 ||   389
    Use: Scroll            |     1 |     9 |     3 ||    13
         Potion            |     1 |     2 |       ||     3
 Armour: Robe              |    15 |    21 |    25 ||    61
  Dodge: Dodged            |    32 |    66 |    75 ||   173

Table legend:
 A = Non-vault XP
 B = Vault XP
 C = Vault XP percentage of total XP
 D = Non-vault monster count
 E = Vault monster count
 F = Vault count percentage of total count
                 A         B        C        D         E       F
            +---------+---------+-------+---------+---------+-------
      Total |     797 |     533 |  40.1 |      78 |      23 |  22.8
            +---------+---------+-------+---------+---------+-------
        D:1 |      34 |       0 |   0.0 |      19 |       0 |   0.0
        D:2 |      31 |      32 |  50.8 |      13 |       7 |  35.0
        D:3 |      82 |       0 |   0.0 |      16 |       0 |   0.0
        D:4 |     605 |     311 |  34.0 |      25 |      12 |  32.4
        D:5 |      45 |     190 |  80.9 |       5 |       4 |  44.4
            +---------+---------+-------+---------+---------+-------
